 Dungeon Crawl Stone Soup version 0.26.0-16-gc1dbca0489 (webtiles) character file.

Game seed: 5601133475872442503

176 trckry the Vexing (level 5, -3/35 HPs)
             Began as a Vampire Enchanter on Jan 20, 2021.
             Was a Believer of Wu Jian.
             Slain by a wraith (13 damage)
             ... in an ossuary.
             The game lasted 00:15:09 (3975 turns).

trckry the Vexing (Vampire Enchanter)               Turns: 3975, Time: 00:15:09

Health: -3/35      AC:  4    Str:  8    XL:     5   Next: 30%
Magic:  6/8        EV: 12    Int: 17    God:    Wu Jian [**....]
Gold:   221        SH:  4    Dex: 15    Spells: 2/8 levels left

rFire    . . .     SeeInvis +   a - +1 dagger
rCold    . . .     Faith    .   m - +0 buckler
rNeg     . . .     Spirit   .   b - +0 robe
rPois    .         Reflect  .   (no helmet)
rElec    .         Harm     .   q - +0 cloak
rCorr    .         Rampage  .   (no gloves)
Will     .....                  s - +0 pair of boots
Stlth    +++.......             (no amulet)
HPRegen  0.31/turn              (no ring)
MPRegen  0.11/turn              (no ring)

@: confusing touch, regenerating quickly, slowed, very slow
A: fangs 3, see invisible, unbreathing
a: Exsanguinate, Renounce Religion, Wall Jump


You were in an ossuary.
You worshipped Wu Jian.
Wu Jian was pleased with you.
You visited 1 branch of the dungeon, and saw 4 of its levels.
You also visited: Ossuary.

You collected 221 gold pieces.

Inventory:

Hand Weapons
 a - a +1 dagger (weapon)
Missiles
 j - 15 poisoned darts (quivered)
 n - 2 throwing nets
Armour
 b - a +0 robe (worn)
 m - a +0 buckler (worn)
 q - a +0 cloak (worn)
 s - a +0 pair of boots (worn)
Jewellery
 r - an uncursed ring of willpower {unknown}
 u - an uncursed ring of wizardry {unknown}
Scrolls
 d - 5 scrolls of identify {unknown}
 g - a scroll of fog {unknown}
 h - a scroll of magic mapping {unknown}
 o - 2 scrolls of teleportation {unknown}
 p - a scroll of immolation {unknown}
 v - 2 scrolls of remove curse {unknown}
 w - a scroll of fear {unknown}
 x - a scroll of brand weapon {unknown}
 y - a scroll of silence {unknown}
Potions
 c - 4 potions of haste {unknown}
 e - 2 potions of heal wounds
 f - 4 potions of brilliance {unknown}
 i - 2 potions of mutation {unknown}
 k - a potion of degeneration {unknown}
 l - a potion of ambrosia {unknown}
 t - 2 potions of might {unknown}
 z - a potion of berserk rage {unknown}


   Skills:
 * Level 3.7 Short Blades
 - Level 2.1 Dodging
 + Level 5.6 Stealth
 + Level 1.0 Shields
 - Level 2.0 Spellcasting
 * Level 5.8 Hexes
 + Level 1.0 Ice Magic


You had 2 spell levels left.
You knew the following spells:

 Your Spells              Type           Power        Failure   Level
a - Corona                Hex            23%          2%          1
b - Ensorcelled Hibernat  Hex/Ice        26%          11%         2
c - Confusing Touch       Hex            21%          8%          3

Your spell library contained the following spells:

 Spells                   Type           Power        Failure   Level
 Tukima's Dance           Hex            21%          8%          3
 Dazzling Flash           Conj/Hex       22%          26%         3


Dungeon Overview and Level Annotations

Branches:
Dungeon (4/15)            Ossuary (1/1)
 Temple: D:4-7

Altars:
Gozag
Okawaru
Trog
Wu Jian
Xom

Annotations:
D:4 2 transporters, SturgillTurtle's ghost, amateur HOFi


Innate Abilities, Weirdness & Mutations

Your natural rate of healing is unusually fast.
You have razor-sharp teeth.
You have supernaturally acute eyesight. (SInv)
You can survive without breathing.


Message History

You closely miss the wraith. The wraith hits you!
The wraith drains your vigour!
You feel yourself slow down.
You hit the wraith but do no damage. The wraith closely misses you.
You hit the wraith but do no damage. The wraith hits you!
* * * LOW HITPOINT WARNING * * *
The wraith drains your vigour!
You feel as though you will be slow longer.
The wraith hits you.
* * * LOW HITPOINT WARNING * * *
The wraith drains your vigour!
You feel as though you will be slow longer.
Okay, then.
Okay, then.
It was a potion of heal wounds.
You feel much better. The wraith hits you!
* * * LOW HITPOINT WARNING * * *
The wraith drains your vigour!
You feel as though you will be slow longer.
You block the wraith's attack.
You hit the wraith but do no damage. The wraith hits you!
You die...

#######################
#......................
#.∩....................
#.......#####+#####....
#......##.........##...
#.....##...##+##...##..
#....##...##..W##...##.
#....#...##.???.##...#.
#....'@W.#.!?!?..#...'.
#....#...##.....##...#.
#....##...##...##...##.
#.....##...#####...##..
#......##.........##...
#.......#####+#####....
#.∩....................
#......................
############'''########


You could see a wraith.

Vanquished Creatures
  A mummy (Ossuary)
  3 gnolls (D:2)
  3 adders
  A worm (D:3)
  6 orcs
  A ball python (D:1)
  7 bats
  4 giant cockroaches
  17 goblins
  4 hobgoblins
  3 jackals (D:2)
  13 kobolds
  2 quokkas
  6 frilled lizards
  4 gnoll skeletons (Ossuary)
  7 kobold skeletons (Ossuary)
  14 orc skeletons (Ossuary)
  11 rats
107 creatures vanquished.

Notes
Turn   | Place    | Note
-------+----------+-------------------------------------------
     0 | D:1      | trckry the Vampire Enchanter began the quest for the Orb.
     0 | D:1      | Reached XP level 1. HP: 13/13 MP: 3/3
   214 | D:1      | Reached XP level 2. HP: 19/19 MP: 5/5
   220 | D:1      | Learned a level 2 spell: Ensorcelled Hibernation
   625 | D:1      | Reached skill level 5 in Stealth
   643 | D:1      | Reached XP level 3. HP: 20/24 MP: 6/6
  1202 | D:2      | Reached skill level 5 in Hexes
  1217 | D:2      | Learned a level 3 spell: Confusing Touch
  1427 | D:2      | Reached XP level 4. HP: 30/30 MP: 1/7
  1966 | D:2      | Found a shimmering altar of Xom.
  1974 | D:2      | Found a shimmering altar of Xom.
  1975 | D:2      | Found a shimmering altar of Xom.
  1976 | D:2      | Found a shimmering altar of Xom.
  2022 | D:2      | Found an iron altar of Okawaru.
  2283 | D:3      | Found a faded altar of an unknown god.
  2324 | D:3      | Became a worshipper of the Wu Jian Council
  2324 | D:3      | Reached * piety under Wu Jian
  2375 | D:3      | Found an opulent altar of Gozag.
  2444 | D:3      | Noticed a moth of wrath
  2446 | D:3      | Found a bloodstained altar of Trog.
  3259 | D:3      | Reached XP level 5. HP: 35/35 MP: 8/8
  3347 | D:4      | Found a transporter.
  3352 | D:4      | Noticed SturgillTurtle's ghost (amateur HOFi)
  3356 | D:4      | Found a transporter.
  3505 | D:4      | Found a sand-covered staircase.
  3535 | Ossuary  | Entered an ossuary
  3535 | Ossuary  | Noticed a wraith
  3535 | Ossuary  | Noticed a wraith
  3535 | Ossuary  | Noticed a wraith
  3587 | Ossuary  | Reached ** piety under Wu Jian
  3723 | Ossuary  | Reached skill level 1 in Shields
  3723 | Ossuary  | Reached skill level 1 in Ice Magic
  3945 | Ossuary  | Noticed a wraith
  3972 | Ossuary  | HP: 2/35 [wraith (4)]
  3975 | Ossuary  | Slain by a wraith

Illustrated notes

Levels and vault maps discovered:
D:1:      ebering_hopf_link, layout_basic
D:2:      layout_basic, xom_redecorated, okawaru_altar_gauntlet_db
D:3:      wad_lake_hut, layout_loops_ring, tgw_trog, general_overflow_altar,
          chequers_ecumenical_altar_simple_redux, grunt_ministairs_3
D:4:      layout_loops_cross, lemuel_round_altar, nicolae_ossuary_entry_plus,
          gammafunk_ghost_arena
Ossuary:  ossuary_due_mausoleum

Skill      XL: |  1  2  3  4  5 |
---------------+----------------+-----
Short Blades   | 2 3 |  3.7
Stealth        | 5 |  5.6
Hexes          | 5 |  5.8
Shields        | 1 |  1.0
Ice Magic      | 1 |  1.0
Dodging        | |  2.1
Spellcasting   | |  2.0

Action                   |  1- 3 |  4- 6 || total
-------------------------+-------+-------++-------
Melee: Dagger            |   150 |   242 ||   392
       Bite              |    13 |    30 ||    43
 Cast: Ensorcelled Hiber |     4 |    17 ||    21
       Corona            |     1 |       ||     1
       Confusing Touch   |       |     2 ||     2
Invok: Lunge             |       |    18 ||    18
       Whirlwind         |       |    24 ||    24
  Use: Potion            |       |     1 ||     1
 Stab: Sleeping          |     9 |    22 ||    31
       Confused          |       |     1 ||     1
Armor: Robe              |    17 |    36 ||    53
Dodge: Dodged            |    71 |    91 ||   162
Block: Buckler           |     1 |    30 ||    31
